[Event "ICC tourney 1877 (15 10)"]
[Site "Internet Chess Club"]
[Date "2020.06.14"]
[Round "3"]
[White "rcsong"]
[Black "jnach"]
[Result "1-0"]
[ICCResult "Black resigns"]
[WhiteElo "1465"]
[BlackElo "1360"]
[Opening "English: Mikenas-Carls, Flohr variation"]
[ECO "A18"]
[NIC "EO.57"]
[Time "15:14:23"]
[TimeControl "900+10"]

1. c4 Nf6 2. Nc3 e6 3. e4 d5 4. e5 d4 5. exf6 dxc3 6. bxc3 Qxf6 7. Nf3 Nc6
8. d4 h6 9. g3 Be7 10. Bg2 O-O 11. O-O Rb8 12. Be3 b6 13. d5 Na5 14. Bd4 Qf5
15. Nd2 exd5 16. cxd5 Bb7 17. Be4 Qd7 18. Qh5 c6 19. Nf3 cxd5 20. Ne5 Qe6
21. Bg2 Nc4 22. Bh3 Qd6 23. Nd7 Bc8 24. Nxb8 Bxh3 25. Qxh3 Rxb8 26. Rae1 Re8
27. Re2 f6 28. Rfe1 Qa3 29. Qh5 Kf8 30. Qxd5 Qxa2 31. Rxa2 {Black resigns}
1-0

[Event "ICC tourney 1877 (15 10)"]
[Site "Internet Chess Club"]
[Date "2020.06.14"]
[Round "3"]
[White "Neal-Li"]
[Black "combusken1123"]
[Result "1/2-1/2"]
[ICCResult "Game drawn by mutual agreement"]
[WhiteElo "1282"]
[BlackElo "1352"]
[Opening "Sicilian: Alapin's variation (2.c3)"]
[ECO "B22"]
[NIC "SI.46"]
[Time "15:13:47"]
[TimeControl "900+10"]

1. e4 c5 2. c3 e5 3. Nf3 Nc6 4. d4 cxd4 5. cxd4 exd4 6. Nxd4 Nf6 7. Nc3 Qb6
8. Nxc6 dxc6 9. Bd3 Bc5 10. O-O Ng4 11. Qe2 O-O 12. h3 Nf6 13. e5 Re8 14.
Bg5 Nd7 15. Qh5 g6 16. Qd1 Rxe5 17. Bf4 Re8 18. Na4 Qb4 19. Bd2 Qd4 20. Bc3
Qd6 21. Qc2 Bb6 22. Nxb6 Nxb6 23. Rad1 Nd5 24. Bc4 Be6 25. Qc1 Qc7 26. Bxd5
Bxd5 27. Qh6 f5 28. Rfe1 Qf7 29. b3 Re6 30. Rxe6 Bxe6 31. h4 Qf8 32. Qg5 Qf7
33. Rd8+ Rxd8 34. Qxd8+ Qf8 35. Qd4 Bd5 36. Qh8+ Kf7 37. Qxh7+ Ke8 38. Qxg6+
Qf7 39. Qxf7+ Kxf7 40. g3 b6 41. Kh2 Kg6 42. Kg1 Kh5 43. Kf1 Kg4
{Game drawn by mutual agreement}
1/2-1/2

[Event "ICC tourney 1877 (15 10)"]
[Site "Internet Chess Club"]
[Date "2020.06.14"]
[Round "3"]
[White "capetarget"]
[Black "dmartins2008"]
[Result "1-0"]
[ICCResult "Black resigns"]
[WhiteElo "1304"]
[BlackElo "1202"]
[Opening "Scandinavian (center counter) defense"]
[ECO "B01"]
[NIC "VO.17"]
[Time "15:31:12"]
[TimeControl "900+10"]

1. e4 d5 2. exd5 Qxd5 3. Nf3 Nf6 4. c4 Qd8 5. Nc3 Bf5 6. d4 e6 7. Bd3 Bxd3
8. Qxd3 Nc6 9. O-O Bd6 10. Bg5 O-O 11. a3 h6 12. Bh4 Be7 13. Rfd1 Nd7 14.
Bg3 Bf6 15. b4 Nb6 16. Ne4 Be7 17. Nc5 Bxc5 18. bxc5 Nd7 19. Rab1 Rb8 20.
Qe3 Nf6 21. Qf4 Ne8 22. d5 exd5 23. cxd5 Ne7 24. d6 cxd6 25. cxd6 Ng6 26.
Qa4 a6 27. d7 Nc7 28. Rbc1 b5 29. Qg4 Rb7 30. Bd6 Ne7 31. Qe4 Ne6 32. Qxb7
{Black resigns}
1-0

[Event "ICC tourney 1877 (15 10)"]
[Site "Internet Chess Club"]
[Date "2020.06.14"]
[Round "3"]
[White "justice02"]
[Black "kralj8"]
[Result "0-1"]
[ICCResult "White resigns"]
[WhiteElo "1592"]
[BlackElo "1762"]
[Opening "Ruy Lopez: modern Steinitz defense, 5.O-O"]
[ECO "C72"]
[NIC "RL.10"]
[Time "15:13:37"]
[TimeControl "900+10"]

1. e4 e5 2. Nf3 Nc6 3. Bb5 a6 4. Ba4 d6 5. O-O Bd7 6. c3 g6 7. d3 Bg7 8. Bb3
Nf6 9. Ng5 O-O 10. h3 Qe7 11. f4 h6 12. fxe5 dxe5 13. Nf3 Rad8 14. Qe2 Be6
15. Bc2 Nd7 16. Be3 f5 17. exf5 Bxf5 18. Nbd2 Nc5 19. Ne1 Nd4 20. Bxd4 Qd6
21. Bxc5 Qxc5+ 22. d4 exd4 23. Bxf5 dxc3+ 24. Kh1 gxf5 25. Nb3 cxb2 26. Nxc5
bxa1=Q 27. Qe6+ Kh8 28. Rxf5 Rxf5 29. Qxf5 Qxe1+ 30. Kh2 Be5+ {White
resigns} 0-1

[Event "ICC tourney 1877 (15 10)"]
[Site "Internet Chess Club"]
[Date "2020.06.14"]
[Round "3"]
[White "KrishnaSaketh"]
[Black "HarleyQueen8"]
[Result "0-1"]
[ICCResult "White resigns"]
[WhiteElo "1420"]
[BlackElo "1482"]
[Opening "Nimzo-Indian: S?misch variation"]
[ECO "E24"]
[NIC "NI.19"]
[Time "15:13:46"]
[TimeControl "900+10"]

1. d4 Nf6 2. c4 e6 3. Nc3 Bb4 4. a3 Bxc3+ 5. bxc3 c5 6. Bf4 d5 7. e3 Nc6 8.
Nf3 O-O 9. Bd3 h6 10. O-O b6 11. Bg3 Bb7 12. cxd5 exd5 13. Rb1 Qd7 14. Ne5
Nxe5 15. Bxe5 Ne8 16. Qf3 Bc6 17. Qg3 f6 18. Bf4 g5 19. h4 Kh8 20. hxg5 hxg5
21. Qh2+ Kg8 22. Bg3 c4 23. Bc2 Qg7 24. Bf5 Kf7 25. Qh5+ Ke7 26. Rfe1 Rh8
27. Qg6 Qxg6 28. Bxg6 Nd6 29. Bxd6+ Kxd6 30. e4 Rh6 31. exd5 Bxd5 32. Be4
Bxe4 33. Rxe4 Rah8 {White resigns} 0-1

[Event "ICC tourney 1877 (15 10)"]
[Site "Internet Chess Club"]
[Date "2020.06.14"]
[Round "3"]
[White "MIEMBR"]
[Black "Chessplayer44"]
[Result "1-0"]
[ICCResult "Black checkmated"]
[WhiteElo "1437"]
[BlackElo "1162"]
[Opening "Queen's pawn"]
[ECO "A40"]
[NIC "QO.17"]
[Time "15:13:52"]
[TimeControl "900+10"]

1. d4 e6 2. Nf3 f5 3. g3 Nf6 4. Bg2 d5 5. O-O Bd6 6. b3 Nbd7 7. Ba3 Qe7 8.
Bxd6 cxd6 9. c4 O-O 10. Nc3 dxc4 11. bxc4 b6 12. Ne5 dxe5 13. Bxa8 Ba6 14.
Bg2 Bxc4 15. dxe5 Ng4 16. Qd6 Qf7 17. Qd4 Ba6 18. Rad1 Qh5 19. h3 Ndxe5 20.
f4 Nc6 21. hxg4 Qxg4 22. Bxc6 Qxg3+ 23. Bg2 Bb7 24. Qf2 Qxc3 25. Bxb7 h5 26.
Rd3 Qc7 27. Bg2 Rf6 28. Qh4 e5 29. Bd5+ Kf8 30. Qxh5 Qc5+ 31. Kg2 Ke7 32.
fxe5 Rf8 33. Qg5+ Ke8 34. Qg6+ Ke7 35. Qxg7+ Ke8 36. Qg6+ Ke7 37. Qd6+ Qxd6
38. exd6+ Kxd6 39. Bb3+ Ke5 40. Rdf3 f4 41. e3 Rd8 42. exf4+ Kf5 43. Bc2+
Kf6 44. f5 Rd2+ 45. R1f2 Rd4 46. Rg3 b5 47. Rg6+ Kf7 48. Ra6 Rd7 49. Bb3+
Kf8 50. f6 Rd4 51. Rxa7 Rg4+ 52. Kf3 Rg5 53. Ra8# {Black checkmated} 1-0

[Event "ICC tourney 1877 (15 10)"]
[Site "Internet Chess Club"]
[Date "2020.06.14"]
[Round "3"]
[White "elytito2017"]
[Black "chesscracker40"]
[Result "1-0"]
[ICCResult "Black resigns"]
[WhiteElo "1496"]
[BlackElo "1480"]
[Opening "Sicilian: Nimzovich-Rossolimo attack (with ...g6, without ...d6)"]
[ECO "B31"]
[NIC "SI.31"]
[Time "15:15:17"]
[TimeControl "900+10"]

1. e4 c5 2. Nf3 Nc6 3. Bb5 g6 4. Bxc6 bxc6 5. O-O Nf6 6. e5 Nd5 7. c4 Nb6 8.
d4 Bg7 9. dxc5 Nxc4 10. Qd4 Ba6 11. Re1 O-O 12. Qh4 Qa5 13. Nc3 Qxc5 14. Ne4
Qa5 15. Bh6 Nxe5 16. Nfg5 f6 17. Bxg7 h5 18. Bxf8 fxg5 19. Qxg5 Rxf8 20.
Qxe7 Ng4 21. h3 Nxf2 22. Nxf2 Qd2 23. Qe3 Qxb2 24. Qb3+ Qxb3 25. axb3
{Black resigns}
1-0

[Event "ICC tourney 1877 (15 10)"]
[Site "Internet Chess Club"]
[Date "2020.06.14"]
[Round "3"]
[White "VibrantBroccoli"]
[Black "steinutz"]
[Result "1-0"]
[ICCResult "Black checkmated"]
[WhiteElo "1524"]
[BlackElo "1327"]
[Opening "Giuoco Pianissimo: Italian four knights variation"]
[ECO "C50"]
[NIC "IG.02"]
[Time "15:13:48"]
[TimeControl "900+10"]

1. e4 e5 2. Nf3 Nc6 3. Bc4 Bc5 4. Nc3 Nf6 5. d3 O-O 6. Bg5 h6 7. Bh4 Be7 8.
h3 d6 9. Qd2 Be6 10. Nd5 Bxd5 11. Bxf6 Bxc4 12. Bxe7 Qxe7 13. dxc4 a5 14. c3
a4 15. Qe2 b6 16. O-O Na5 17. Nd2 f5 18. f3 f4 19. Qd3 Kh7 20. b4 Nc6 21.
Qd5 Qe8 22. Rfd1 Ne7 23. Qd3 Qc6 24. a3 Rf6 25. Nf1 Rg6 26. Ra2 Rf8 27. Nh2
Rg3 28. Qf1 Ng6 29. Kh1 Nh4 30. b5 Qd7 31. Rdd2 Rf6 32. Ng4 Re6 33. Qe1 h5
34. Nh2 Ng6 35. Nf1 Rg5 36. h4 Nxh4 37. Qxh4 Reg6 38. Nh2 Qe6 39. c5 bxc5
40. Rab2 Qc4 41. Rdc2 Rg3 42. Rc1 Kh6 43. Ng4+ Kh7 44. Qxh5+ Kg8 45. Qxg6
Qd3 46. Nf6+ Kf8 47. Qe8# {Black checkmated} 1-0

[Event "ICC tourney 1877 (15 10)"]
[Site "Internet Chess Club"]
[Date "2020.06.14"]
[Round "3"]
[White "Kurguz1"]
[Black "FluffyKittens"]
[Result "0-1"]
[ICCResult "White resigns"]
[WhiteElo "1363"]
[BlackElo "1557"]
[Opening "French: exchange variation"]
[ECO "C01"]
[NIC "FR.01"]
[Time "15:14:01"]
[TimeControl "900+10"]

1. e4 e6 2. d4 d5 3. exd5 exd5 4. Nf3 Bd6 5. Be3 Ne7 6. Bd3 Bf5 7. O-O O-O
8. Na3 c6 9. c4 Bxa3 10. bxa3 Nd7 11. c5 Nf6 12. Qb1 Qd7 13. Ne5 Qc8 14. f3
Bxd3 15. Qxd3 Qf5 16. g4 Qxd3 17. Nxd3 Rfe8 18. Rfe1 Ng6 19. Bg5 h6 20. Bxf6
gxf6 21. Kf2 Kf8 22. Kg3 Rxe1 23. Rxe1 Re8 24. Rxe8+ Kxe8 25. Nf4 Nxf4 26.
Kxf4 Ke7 27. Kf5 b6 28. cxb6 axb6 29. a4 Kd6 30. Kxf6 c5 31. Kf5 cxd4 32.
Kf4 Kc5 33. h4 Kc4 34. g5 h5 35. Kg3 d3 36. Kf2 Kc3 37. Ke1 Kc2 38. f4 d2+
39. Kf2 d1=Q 40. f5 Qg4 41. f6 Qxh4+ {White resigns} 0-1

[Event "ICC tourney 1877 (15 10)"]
[Site "Internet Chess Club"]
[Date "2020.06.14"]
[Round "3"]
[White "ajaccio111"]
[Black "Gurru235088"]
[Result "1-0"]
[ICCResult "Black checkmated"]
[WhiteElo "1556"]
[BlackElo "1374"]
[Opening "French: Tarrasch, closed variation"]
[ECO "C05"]
[NIC "FR.17"]
[Time "15:14:08"]
[TimeControl "900+10"]

1. e4 e6 2. d4 d5 3. Nd2 Nf6 4. Bd3 c5 5. e5 Nfd7 6. c3 Nc6 7. Ne2 Qb6 8.
Nf3 cxd4 9. cxd4 Be7 10. O-O O-O 11. Nf4 a5 12. a4 Nb4 13. Bb1 Qc7 14. Nh5
b6 15. Re1 f5 16. exf6 Nxf6 17. Ne5 Bd7 18. Ra3 Rac8 19. Rg3 Ne8 20. Bh6 Bh4
21. Rg4 Bxa4 22. Qxa4 Bf6 23. Qb3 Qb7 24. Qg3 Rc7 25. Nxf6+ Rxf6 26. h4 a4
27. Bg5 Rf8 28. h5 Kh8 29. h6 g6 30. Bxg6 hxg6 31. Nxg6+ Kg8 32. Nxf8 Kxf8
33. Bf4 Rf7 34. Be5 Ke7 35. Qh4+ Kf8 36. Re3 Qc6 37. Reg3 Qc1+ 38. Kh2 Rh7
39. Rg8+ Kf7 40. Qh5+ Ke7 41. Qxe8# {Black checkmated} 1-0

[Event "ICC tourney 1877 (15 10)"]
[Site "Internet Chess Club"]
[Date "2020.06.14"]
[Round "3"]
[White "mrneale"]
[Black "PhaseShift"]
[Result "1/2-1/2"]
[ICCResult "Game drawn by repetition"]
[WhiteElo "1528"]
[BlackElo "1686"]
[Opening "Queen's pawn game"]
[ECO "A46"]
[NIC "QP.05"]
[Time "15:13:50"]
[TimeControl "900+10"]

1. d4 Nf6 2. Nf3 e6 3. Bf4 c5 4. c3 b6 5. e3 Bb7 6. Bd3 Be7 7. h3 O-O 8. O-O
d6 9. Nbd2 cxd4 10. cxd4 Nc6 11. a3 e5 12. Bh2 Rc8 13. Ne4 Nxe4 14. Bxe4 d5
15. Bf5 Rb8 16. Nxe5 Nxe5 17. Bxe5 Bd6 18. Bxd6 Qxd6 19. Rc1 Bc8 20. Bd3 f5
21. Qa4 Rb7 22. Rc6 Qe7 23. Ba6 Rc7 24. Rfc1 Rxc6 25. Rxc6 Bxa6 26. Qxa6 f4
27. exf4 Qe1+ 28. Qf1 Qe4 29. Qa6 Qxf4 30. f3 Qe3+ 31. Kh1 Qxd4 32. Qxa7
Qxb2 33. Rxb6 Qc1+ 34. Kh2 Qf4+ 35. Kg1 Re8 36. Rb1 d4 37. Qa4 Qe3+ 38. Kh1
d3 39. Rd1 d2 40. Rxd2 Qe1+ 41. Kh2 Qe5+ 42. f4 Qe6 43. Rd6 Qe3 44. Rd3 Qe6
45. Qd7 Qxd7 46. Rxd7 Ra8 47. Rd3 Kf7 48. Re3 Kf6 49. g4 h6 50. Kg3 Ra4 51.
h4 g6 52. Kf3 g5 53. hxg5+ hxg5 54. fxg5+ Kxg5 55. Kg3 Rxg4+ 56. Kf3 Ra4 57.
Ke2 Kf5 58. Kd2 Re4 59. Rf3+ Ke5 60. Kc2 Kd6 61. Rc3 Re5 62. a4 Rc5 63. Kb3
Rxc3+ 64. Kxc3 Kc6 65. Kb4 Kb7 66. Ka5 Ka8 67. Ka6 Kb8 68. Kb6 Ka8 69. Ka6
Kb8 70. Kb6 Ka8 71. Ka6 Kb8 72. Kb6 Ka8 {Game drawn by repetition} 1/2-1/2

[Event "ICC tourney 1877 (15 10)"]
[Site "Internet Chess Club"]
[Date "2020.06.14"]
[Round "3"]
[White "chessw23"]
[Black "sanjayselvam"]
[Result "1-0"]
[ICCResult "Black resigns"]
[WhiteElo "1524"]
[BlackElo "1478"]
[Opening "Alekhine's defense: modern, fianchetto variation"]
[ECO "B04"]
[NIC "AL.04"]
[Time "15:16:26"]
[TimeControl "900+10"]

1. e4 Nf6 2. e5 Nd5 3. d4 d6 4. Nf3 g6 5. Bc4 Nb6 6. Bb3 Bg7 7. O-O O-O 8.
Bf4 Nc6 9. h3 Na5 10. c3 Nxb3 11. axb3 Bf5 12. Na3 dxe5 13. Bxe5 Bxe5 14.
Nxe5 Nd7 15. Nac4 Nxe5 16. Nxe5 Qd6 17. Nc4 Qf6 18. Ne3 Rfd8 19. Nxf5 Qxf5
20. Qe2 e6 21. b4 Qd5 22. Ra5 Qc6 23. Rc5 Qd6 24. Re5 Re8 25. Re1 c6 26. b5
a6 27. bxc6 bxc6 28. Qe4 Reb8 29. Rc5 Rb6 30. b4 Rc8 31. Ra1 Rd8 32. Rca5
Ra8 33. b5 f5 34. Qf3 Rab8 35. Rxa6 Rxb5 36. g3 R5b6 37. Rxb6 Rxb6 38. Qe3
Rb3 39. Ra8+ Kf7 40. Qh6 Qe7 41. Qxh7+ Kf6 42. Qh4+ Kf7 43. Qh7+ Kf6 44.
Qh8+ Kf7 45. Rg8 e5 46. Rg7+ Ke6 47. Rxe7+ Kxe7 48. Qxe5+ Kf7 49. Qc7+ Kf6
50. Qxc6+ {Black resigns} 1-0

[Event "ICC tourney 1877 (15 10)"]
[Site "Internet Chess Club"]
[Date "2020.06.14"]
[Round "3"]
[White "abi2009"]
[Black "Sanyi9Pakh"]
[Result "1/2-1/2"]
[ICCResult "Game drawn by mutual agreement"]
[WhiteElo "1368"]
[BlackElo "1509"]
[Opening "English: ultra-symmetrical variation"]
[ECO "A36"]
[NIC "EO.31"]
[Time "15:13:35"]
[TimeControl "900+10"]

1. c4 c5 2. g3 g6 3. Bg2 Bg7 4. Nc3 Nc6 5. d3 e5 6. e4 Nge7 7. Nge2 O-O 8.
O-O d6 9. a3 f5 10. Rb1 a5 11. f4 Nd4 12. Nxd4 cxd4 13. Nd5 Nxd5 14. exd5
Re8 15. fxe5 dxe5 16. c5 e4 17. d6 Bd7 18. b4 Bb5 19. dxe4 Bxf1 20. Qxf1
fxe4 21. Qc4+ Kh8 22. Bf4 Qd7 23. b5 Rac8 24. Rc1 g5 25. Bxg5 Re5 26. c6
bxc6 27. bxc6 Qxd6 28. Bf4 e3 29. Bxe5 Qxe5 30. Qa6 Qf5 31. Rf1 Qe6 32. Qd3
Re8 33. Re1 Qf6 34. Kh1 Qf2 35. Rf1 Qd2 36. Qxd2 exd2 37. Bf3 Re1 38. Kg2
Be5 39. Kf2 Kg7 40. Rxe1 dxe1=Q+ 41. Kxe1 Kf6 42. Ke2 Ke6 43. Kd3 Kd6 44.
Kc4 Kc7 45. Kb5 Bd6 46. Kxa5 Bxa3 47. Kb5 d3 48. Kc4 d2 49. Kd5 Bf8 50. Ke6
d1=Q 51. Bxd1 Kxc6 52. Kf7 Bd6 53. Kg7 h5 54. Bxh5 Kd7 55. Kg6 Ke7 56. Kf5
Kf8 57. Kg4 Kg7 58. h4 Kh6 59. Be8 Ba3 60. Kh3 Bc1 61. g4 Bd2 62. Kg2 Bc1
63. Kf3 Bd2 64. Ke4 Bc1 65. Kf5 Bd2 66. g5+ Kg7 67. Bb5 Bc1 68. Bc4 Bd2 69.
h5 Bxg5 70. Kxg5 Kh8 {Game drawn by mutual agreement} 1/2-1/2

[Event "ICC tourney 1877 (15 10)"]
[Site "Internet Chess Club"]
[Date "2020.06.14"]
[Round "3"]
[White "AbruptFir"]
[Black "Joshua1"]
[Result "1-0"]
[ICCResult "Black resigns"]
[WhiteElo "1244"]
[BlackElo "1553"]
[Opening "QGD Slav defense"]
[ECO "D10"]
[NIC "SL.01"]
[Time "15:15:26"]
[TimeControl "900+10"]

1. d4 d5 2. c4 c6 3. Nc3 Nf6 4. Bg5 e6 5. e3 Be7 6. Nf3 Nbd7 7. Qc2 O-O 8.
Bd3 Re8 9. O-O h6 10. Bh4 dxc4 11. Bxc4 b5 12. Bd3 Bb7 13. Rfe1 a6 14. e4 c5
15. e5 Nd5 16. Bxe7 Qxe7 17. Nxd5 Bxd5 18. Be4 Rac8 19. dxc5 Rxc5 20. Qe2
Bxe4 21. Qxe4 Rec8 22. Qb7 a5 23. h3 b4 24. Rad1 R8c7 25. Qa8+ Kh7 26. Qa6
R7c6 27. Qd3+ g6 28. Qxd7 Qf8 29. Qd8 Qg7 30. Rd7 Rc8 31. Qe7 Rc2 32. Qxf7
Qxf7 33. Rxf7+ Kg8 34. Ra7 Rxb2 35. Rxa5 Rcc2 36. Ra8+ Kf7 37. Rd1 g5 38.
Rd7+ Kg6 39. g4 h5 40. Rg8+ Kh6 41. gxh5 Rc1+ 42. Kg2 Rxf2+ 43. Kxf2 Rc2+
44. Ke1 Rc1+ 45. Kd2 Rc8 46. Rxc8 {Black resigns} 1-0

[Event "ICC tourney 1877 (15 10)"]
[Site "Internet Chess Club"]
[Date "2020.06.14"]
[Round "3"]
[White "Pifischer"]
[Black "ChocolateBox"]
[Result "0-1"]
[ICCResult "White checkmated"]
[WhiteElo "1365"]
[BlackElo "1560"]
[Opening "QGD: Chigorin defense"]
[ECO "D07"]
[NIC "QP.08"]
[Time "15:13:47"]
[TimeControl "900+10"]

1. d4 d5 2. c4 Nc6 3. Nc3 e5 4. e3 exd4 5. exd4 Nf6 6. Nf3 Bf5 7. a3 Be7 8.
c5 O-O 9. Bb5 Ne4 10. O-O Nxc3 11. bxc3 Nb8 12. h3 c6 13. Bd3 Be6 14. Qc2 h6
15. Bf4 Nd7 16. a4 b6 17. cxb6 axb6 18. Rfe1 c5 19. Bb5 Rc8 20. Qb2 c4 21.
Qc2 Nf6 22. Ne5 Bd6 23. Bh2 Qc7 24. Nf3 Bxh2+ 25. Nxh2 Ne4 26. f3 Ng3 27.
Nf1 Nf5 28. Re5 Nd6 29. Rae1 Nxb5 30. axb5 Qd7 31. Qb1 Rfe8 32. Ng3 f6 33.
R5e2 Bf7 34. Kf2 Ra8 35. Qb4 Bg6 36. Re7 Rxe7 37. Rxe7 Qd8 38. Ne2 Ra2 39.
Kg1 Qb8 40. g3 Bd3 41. Nf4 Ra1+ 42. Kg2 Qa8 43. Nxd3 cxd3 44. g4 Qa2+ 45.
Kg3 Rg1+ 46. Kf4 Qd2+ 47. Kf5 Qg5+ 48. Ke6 Re1+ 49. Kd7 Rxe7+ 50. Qxe7 Qc1
51. Qe6+ Kh8 52. Qxd5 Qf4 53. Qa8+ Kh7 54. Qa4 Qe3 55. Qd1 Qe2 56. Qb3 d2
57. Qc2+ Kh8 58. Qg6 d1=Q 59. Kc6 Qc4+ 60. Kxb6 Qxf3 61. h4 Qa8 62. g5 Qd8+
63. Ka6 Qa4+ 64. Kb7 Qaa8# {White checkmated} 0-1

[Event "ICC tourney 1877 (15 10)"]
[Site "Internet Chess Club"]
[Date "2020.06.14"]
[Round "3"]
[White "chief2006"]
[Black "aghilan"]
[Result "1-0"]
[ICCResult "Black checkmated"]
[WhiteElo "1392"]
[BlackElo "1541"]
[Opening "Giuoco Piano"]
[ECO "C50"]
[NIC "IG.02"]
[Time "15:15:08"]
[TimeControl "900+10"]

1. e4 e5 2. Nf3 Nc6 3. Bc4 Bc5 4. O-O Nf6 5. d4 Bxd4 6. Nxd4 Nxd4 7. f4 d6
8. fxe5 dxe5 9. Bg5 Qe7 10. Na3 Bd7 11. c3 Ne6 12. Bxf6 gxf6 13. Qf3 Nf4 14.
Qe3 Rg8 15. g3 Nh3+ 16. Kh1 f5 17. Rxf5 Bxf5 18. exf5 Qd6 19. Bf1 Nf4 20.
Qe4 Qd5 21. Bg2 Qxe4 22. Bxe4 Nh3 23. Bxb7 Rb8 24. Bc6+ Ke7 25. Nc4 f6 26.
Rf1 Ng5 27. Kg2 Nf7 28. Rf2 Nd6 29. Ne3 Kd8 30. Rd2 Rb6 31. Bd5 Rf8 32. c4
Rb8 33. Be6 Ke8 34. Nd5 c6 35. Nc7+ Ke7 36. c5 Rfd8 37. cxd6+ Rxd6 38. Re2
Rb6 39. Bb3 Kd7 40. Ne6 Ke7 41. Kf3 a5 42. Ke3 Rb4 43. Nc5 Rbd4 44. a3 Rd8
45. Rc2 Rb8 46. Ba4 Rb6 47. b3 Rd6 48. Ne4 Rd1 49. Rc5 Re1+ 50. Kf3 Rf1+ 51.
Ke2 Rh1 52. h4 Rh2+ 53. Kf3 Rb2 54. Rxa5 h5 55. b4 Ra2 56. Bb3 Rb2 57. Ra7+
Kf8 58. Rf7+ Ke8 59. Nd6+ Kd8 60. Be6 Rd2 61. Rd7# {Black checkmated} 1-0

[Event "ICC tourney 1877 (15 10)"]
[Site "Internet Chess Club"]
[Date "2020.06.14"]
[Round "3"]
[White "omegablitz"]
[Black "pluto46"]
[Result "1-0"]
[ICCResult "Black resigns"]
[WhiteElo "1451"]
[BlackElo "1391"]
[Opening "King's Indian defense, 3.Nc3"]
[ECO "E61"]
[NIC "KI.80"]
[Time "15:15:43"]
[TimeControl "900+10"]

1. d4 Nf6 2. c4 g6 3. Nc3 Bg7 4. Nf3 O-O 5. g3 d5 6. cxd5 Nxd5 7. e4 Nxc3 8.
bxc3 Bg4 9. Bg2 Nc6 10. O-O e5 11. d5 Nb8 12. h3 Bxf3 13. Qxf3 Nd7 14. Ba3
Re8 15. Rfd1 Rc8 16. c4 c6 17. Rac1 cxd5 18. cxd5 Qa5 19. Qb3 b6 20. h4 Nc5
21. Bxc5 Rxc5 22. Rc4 Rec8 23. Rdc1 Rxc4 24. Rxc4 Qe1+ 25. Bf1 Rd8 26. Qc2
Bf8 27. Qe2 Qxe2 28. Bxe2 Bc5 29. Kg2 h5 30. Rc2 Kg7 31. Bc4 Kh6 32. f4 exf4
33. gxf4 Rc8 34. Bb3 Re8 35. Kf3 f6 36. Re2 g5 37. hxg5+ fxg5 38. fxg5+ Kxg5
39. Rg2+ Kf6 40. Kf4 Bd6+ 41. Kf3 Rf8 42. Ke3 Bc5+ 43. Kd3 h4 44. Bd1 Ke5
45. Rg5+ Kd6 46. Rh5 Rf1 47. Be2 Rh1 48. e5+ Kd7 49. Rh7+ Ke8 50. e6 Rh3+
51. Kd2 Bb4+ 52. Kc2 Rc3+ 53. Kd1 h3 54. Rh8+ Ke7 55. Rh7+ Kf8 56. Rh4 Be7
57. Rf4+ Ke8 58. Bh5+ Kd8 59. Rf1 Bg5 60. Rf8+ Ke7 61. Rf7+ Kd6 62. Rd7+ Ke5
63. e7 Rc1+ 64. Ke2 Bxe7 65. Rxe7+ Kxd5 66. Bf3+ Kd6 67. Rxa7 h2 68. Rh7 Ra1
69. Rh6+ Kc5 70. Rh5+ Kb4 71. Bd5 Rc1 72. Kf2 Rc5 73. Kg2 Kc3 74. Bf3 Kb2
75. Rxc5 bxc5 76. a4 c4 77. Be4 Kb3 78. a5 Kb4 79. a6 c3 80. a7 c2 81. Bxc2
Kb5 82. a8=Q h1=Q+ 83. Kxh1 {Black resigns} 1-0

[Event "ICC tourney 1877 (15 10)"]
[Site "Internet Chess Club"]
[Date "2020.06.14"]
[Round "4"]
[White "albli"]
[Black "VincentT2008"]
[Result "1-0"]
[ICCResult "Black resigns"]
[WhiteElo "1532"]
[BlackElo "1319"]
[Opening "two knights defense: Kieseritsky variation"]
[ECO "C58"]
[NIC "KP.01"]
[Time "16:27:33"]
[TimeControl "900+10"]

1. e4 e5 2. Nf3 Nc6 3. Bc4 Nf6 4. Ng5 d5 5. exd5 Na5 6. d3 Nxd5 7. Qf3 Be6
8. Nxe6 fxe6 9. Qh5+ g6 10. Qxe5 Rg8 11. Qxe6+ {Black resigns} 1-0

[Event "ICC tourney 1877 (15 10)"]
[Site "Internet Chess Club"]
[Date "2020.06.14"]
[Round "4"]
[White "dmartins2008"]
[Black "evg1234567"]
[Result "0-1"]
[ICCResult "White resigns"]
[WhiteElo "1206"]
[BlackElo "1632"]
[Opening "Sicilian: closed"]
[ECO "B23"]
[NIC "SI.44"]
[Time "16:28:38"]
[TimeControl "900+10"]

1. e4 c5 2. Nc3 d6 3. f4 Nf6 4. Nf3 Nc6 5. Bc4 e6 6. O-O Be7 7. d3 a6 8. a4
O-O 9. Qe1 Qc7 10. Qg3 Bd7 11. Be3 Nb4 12. Bb3 b5 13. axb5 axb5 14. Nh4 c4
15. Ba2 Nxc2 16. Rac1 Nxe3 17. Qxe3 b4 18. Ne2 Rxa2 19. Rxc4 Qa5 20. f5 Rxb2
21. fxe6 Bxe6 22. Rcc1 Qa2 23. Nf4 Ng4 24. Qg3 Bxh4 25. Qxh4 Ne3 26. Rf3
Nxg2 27. Re3 Nxh4 {White resigns} 0-1

[Event "ICC tourney 1877 (15 10)"]
[Site "Internet Chess Club"]
[Date "2020.06.14"]
[Round "4"]
[White "NSXchessplayer"]
[Black "johnsam111"]
[Result "1-0"]
[ICCResult "Black checkmated"]
[WhiteElo "1405"]
[BlackElo "1211"]
[Opening "Alekhine's defense: Scandinavian variation"]
[ECO "B02"]
[NIC "AL.10"]
[Time "16:26:12"]
[TimeControl "900+10"]

1. e4 Nf6 2. Nc3 d5 3. exd5 Nxd5 4. Nxd5 Qxd5 5. d4 c5 6. Nf3 Bg4 7. Be2 Nc6
8. Be3 cxd4 9. O-O e5 10. Bg5 f6 11. Bh4 Bc5 12. c3 Bxf3 13. Bxf3 e4 14. Re1
f5 15. Qd2 O-O 16. Bd1 d3 17. Bb3 Qxb3 18. axb3 Rfe8 19. Bg5 Ne5 20. Be3
Bxe3 21. Qxe3 Ng4 22. Qd4 Rad8 23. Qxa7 d2 24. Red1 f4 25. h3 Nxf2 26. Kxf2
e3+ 27. Ke2 Rd6 28. Rf1 Rg6 29. Rg1 Rh6 30. Qxb7 Rf8 31. Qd5+ Kh8 32. Raf1
Rhf6 33. Rf3 Rh6 34. Rxf4 Re8 35. Rgf1 g6 36. Rf8+ Rxf8 37. Rxf8+ Kg7 38.
Qf7# {Black checkmated} 1-0

[Event "ICC tourney 1877 (15 10)"]
[Site "Internet Chess Club"]
[Date "2020.06.14"]
[Round "4"]
[White "sanjayselvam"]
[Black "mrneale"]
[Result "1-0"]
[ICCResult "Black resigns"]
[WhiteElo "1496"]
[BlackElo "1510"]
[Opening "Queen's Pawn"]
[ECO "A41"]
[NIC "QO.17"]
[Time "16:26:37"]
[TimeControl "900+10"]

1. d4 d6 2. Bf4 Nd7 3. e3 e5 4. dxe5 dxe5 5. Bg3 Be7 6. Nf3 c6 7. Nxe5 Qa5+
8. c3 Nxe5 9. b4 Bxb4 10. cxb4 Qxb4+ 11. Nd2 Ng6 12. Rb1 Qa5 13. Be2 Nf6 14.
O-O O-O 15. Qc2 Nd5 16. Bf3 Nc3 17. Nc4 Qc5 18. Qxc3 b5 19. Bd6 Qxc4 20.
Qxc4 bxc4 21. Bxf8 Nxf8 22. Bxc6 Bf5 23. Bxa8 Bxb1 24. Rxb1 {Black resigns}
1-0

[Event "ICC tourney 1877 (15 10)"]
[Site "Internet Chess Club"]
[Date "2020.06.14"]
[Round "4"]
[White "MalachiConstant"]
[Black "aarushnaveen"]
[Result "0-1"]
[ICCResult "White resigns"]
[WhiteElo "1304"]
[BlackElo "1462"]
[Opening "Scotch game"]
[ECO "C45"]
[NIC "SO.05"]
[Time "16:26:17"]
[TimeControl "900+10"]

1. e4 e5 2. Nf3 Nc6 3. d4 exd4 4. Nxd4 Bc5 5. Nxc6 Qf6 6. Qd2 dxc6 7. Nc3
Be6 8. Na4 Rd8 9. Qf4 Bb4+ 10. c3 Bd6 11. Qe3 Nh6 12. h3 Qg6 13. f4 b5 14.
f5 Bg3+ 15. Ke2 Qh5+ 16. Qf3 Bc4+ 17. Ke3 Qg5+ {White resigns} 0-1

[Event "ICC tourney 1877 (15 10)"]
[Site "Internet Chess Club"]
[Date "2020.06.14"]
[Round "4"]
[White "BlunderMaster17"]
[Black "abi2009"]
[Result "1-0"]
[ICCResult "Black checkmated"]
[WhiteElo "1556"]
[BlackElo "1366"]
[Opening "QGD: exchange, positional line"]
[ECO "D35"]
[NIC "QO.16"]
[Time "16:33:02"]
[TimeControl "900+10"]

1. d4 Nf6 2. c4 e6 3. Nc3 d5 4. cxd5 exd5 5. Bg5 Be7 6. e3 O-O 7. Bd3 c6 8.
Nge2 Bd6 9. Qc2 h6 10. Bh4 Nbd7 11. Ng3 Re8 12. Nf5 Bc7 13. O-O-O Nf8 14. g4
Bxf5 15. gxf5 b5 16. Rhg1 a5 17. e4 b4 18. e5 bxc3 19. Bxf6 cxb2+ 20. Kb1
Kh8 21. Bxg7+ Kh7 22. f6+ Ng6 23. Bxg6+ Kg8 24. Bh7# {Black checkmated} 1-0